Cogmind - Beta 11.1 @@@ ROGUE MODE // 2022.06.30 @ 21:10:40 Player: tkc Result: Destroyed by G-47 Trooper with Particle Gun Performance ------------- Evolutions (0) 0 Regions Visited (1) 200 Robots Destroyed (5) 25 Value Destroyed (155) 155 Prototype IDs (2) 40 Alien Tech Used (0) 0 Bonus (0) 0 TOTAL SCORE: 420 Bonus ------- None Cogmind --------- Core Integrity 0/250 Matter 285/300 Energy 89/125 System Corruption 0% Temperature Danger (468) Movement Core (450) Ox8 Location -10/Materials Parts ------- > --- POWER (1) -------- Light Ion Engine > --- PROPULSION (2) --- Aluminum Leg > --- UTILITY (2) ------ Large Storage Unit Core Shielding > --- WEAPON (2) ------- Small Laser > --- INVENTORY (15) --- Compact Wheel Small Storage Unit Signal Interpreter Particle Gun Peak State ------------ > --- POWER ------------ Ion Engine > --- PROPULSION ------- Wheel Wheel > --- UTILITY ---------- Large Storage Unit Core Shielding > --- WEAPON ----------- Medium Laser Small Laser > --- INVENTORY -------- Light Ion Engine Aluminum Leg Compact Wheel Small Storage Unit Signal Interpreter Particle Gun [Rating: 7] Favorites ----------- Power Ion Engine Engine Ion Engine Propulsion Wheel Leg Aluminum Leg Wheel Wheel Utility Large Storage Unit Storage Large Storage Unit Protection Core Shielding Weapon Medium Laser Energy Gun Medium Laser Ballistic Gun Light Assault Rifle Build | -11 -10 ------- Run | Scr Mat Slots Evolved . | . . Power . | . . Propulsion . | . . Utility . | . . Weapon . | . . Parts Attached 11 | 6 5 Power 2 | 1 1 Engine 2 | 1 1 Core . | . . Reactor . | . . Propulsion 3 | 2 1 Treads . | . . Leg 1 | . 1 Wheel 2 | 2 . Hover . | . . Flight . | . . Utility 3 | 1 2 Device . | . . Storage 2 | 1 1 Processor . | . . Hackware . | . . Protection 1 | . 1 Artifact . | . . Weapon 3 | 2 1 Energy Gun 2 | 1 1 Energy Cannon . | . . Ballistic Gun 1 | 1 . Ballistic Cannon . | . . Launcher . | . . Special Weapon . | . . Impact Weapon . | . . Slashing Weapon . | . . Piercing Weapon . | . . Special Melee Weapon . | . . Unidentified Prototypes . | . . Parts Lost 4 | . 4 Power 1 | . 1 Propulsion 2 | . 2 Utility . | . . Weapon 1 | . 1 Highest Loss Streak 4 | . 4 To Critical Strikes . | . . Average Slot Usage (%) 88 | . 88 Engine 12 | . 12 Wheel 25 | . 25 Storage 14 | . 14 Protection 6 | . 6 Energy Gun 25 | . 25 Ballistic Gun 2 | . 2 Naked Turns . | . . Heaviest Build 29 | 13 29 Greatest Support 20 | 20 20 Greatest Overweight (x) 1 | . 1 Average Overweight (x) . | . . Largest Inventory Capacity 15 | 8 15 Average Capacity 12 | 7 14 Most Carried 6 | 5 6 Average Carried 4 | 2 5 Final Capacity 15 | 8 15 Final Carried 4 | 3 4 Class Distribution -------------------- 100% | Mutant Dominant Class ---------------- Mutant | -10/Materials Resources | -11 -10 ----------- Run | Scr Mat Matter Collected 304 | 274 30 Remotely . | . . Salvage Created 228 | 69 159 Parts 9 | 3 6 Haulers Intercepted . | . . Recyclers Shooed . | . . Parts Field Recycled . | . . Retrieved Matter . | . . Parts Self-Destructed . | . . Prevented . | . . Kills | -11 -10 ------- Run | Scr Mat Combat Hostiles Destroyed 4 | . 4 Guns 4 | . 4 Classes Destroyed 2 | 1 1 Recycler 1 | 1 . Grunt 4 | . 4 Best Kill Streak 2 | 1 2 Combat Bots Only 2 | . 2 Max Kills in Single Turn 1 | 1 1 Gunslinging . | . . Exploded . | . . Melee . | . . Uniques/NPCs Destroyed . | . . Combat | -11 -10 -------- Run | Scr Mat Damage Taken 642 | . 642 Core 253 | . 253 Absorbed by Shields . | . . Redirected to Shielding 34 | . 34 Core Remaining (%) 100 | 100 . Volleys Fired 38 | 14 24 Largest 2 | 1 2 Hottest 90 | 20 90 Shots Fired 62 | 14 48 Gun 62 | 14 48 Cannon . | . . Launcher . | . . Special . | . . Kinetic 14 | 14 . Thermal 48 | . 48 Explosive . | . . Electromagnetic . | . . Robot Hit Streak 7 | 4 7 Robot Miss Streak 4 | 2 4 Penetration Max . | . . Secondary Targets 1 | . 1 Max Gunslinging Chain 1 | . 1 Shots Hit Robots 36 | 8 28 Core Hits 11 | 2 9 Critical Kills . | . . Critical Parts Destroyed . | . . Critical Strikes 3 | . 3 Burn 3 | . 3 Melee Attacks . | . . Impact . | . . Slashing . | . . Piercing . | . . Sneak Attacks . | . . Combat Hostiles . | . . Follow-up Attacks . | . . Damage Inflicted 398 | 63 335 Guns 398 | 63 335 Cannons . | . . Explosions . | . . Melee . | . . Ramming . | . . Kinetic 63 | 63 . Thermal 335 | . 335 Explosive . | . . Electromagnetic . | . . Impact . | . . Slashing . | . . Piercing . | . . Highest Corruption . | . . Average Corruption . | . . Corruption Purged . | . . Corruption Blocked . | . . Overload Shots . | . . Overflow Damage . | . . Projectiles . | . . Explosions . | . . Melee . | . . Knockbacks . | . . Impact . | . . Kinetic . | . . Secondary . | . . Self-Inflicted Damage . | . . Shots . | . . Rammed . | . . Targets Rammed . | . . Kicked . | . . Crushed . | . . Highest Temperature 432 | . 432 Average Temperature 157 | . 157 Received Heat Transfer 420 | . 420 Effects 2 | . 2 Short Circuit 1 | . 1 Damage (minor) 1 | . 1 Siege Activations . | . . Robots Corrupted . | . . Combat Hostiles . | . . Parts Fried . | . . Impact Corruptions . | . . Robots Melted . | . . Combat Hostiles . | . . Parts Melted 1 | . 1 Heat Transferred 1138 | . 1138 Parts Sabotaged . | . . Parts Stolen . | . . Parts Stripped . | . . Power Chain Reactions . | . . Missiles Intercepted . | . . Alert | -11 -10 ------- Run | Scr Mat Peak Influence 238 | 5 238 Initial 3 | . 3 Average 57 | 1 77 Maximum Alert Level 1 | . 1 Low Security (%) 94 | 100 92 Level 1 5 | . 7 Level 2 . | . . Level 3 . | . . Level 4 . | . . Level 5 . | . . High Security . | . . Max Security . | . . Squads Dispatched 1 | . 1 Investigation . | . . Extermination . | . . Reinforcement 1 | . 1 Assault . | . . Garrison . | . . Intercept . | . . Searches Triggered . | . . Construction Impeded . | . . Haulers Reinforced . | . . Active Scanning Responses . | . . Cargo Convoy Interrupts . | . . Stealth | -11 -10 --------- Run | Scr Mat Distress Signals 1 | . 1 Communications Jammed . | . . Distress Signals . | . . Times Spotted 16 | . 16 Peak Tracking Total 10 | . 10 Tactical Retreats 4 | . 4 Traps | -11 -10 ------- Run | Scr Mat Traps Triggered . | . . Indirectly . | . . Trap Hack Attempts . | . . Triggered . | . . Disarmed . | . . Reprogrammed . | . . Reused . | . . Traps Extracted . | . . Installed . | . . Triggered . | . . Machines | -11 -10 ---------- Run | Scr Mat Machines Disabled . | . . Max in Single Turn . | . . Machines Sabotaged . | . . Garrisons Compromised . | . . Overloaded Fab Kills . | . . Hacking | -11 -10 --------- Run | Scr Mat Machines Accessed 2 | . 2 Terminals 2 | . 2 Fabricators . | . . Repair Stations . | . . Recycling Units . | . . Scanalyzers . | . . Garrison Access . | . . Total Hacks 4 | . 4 Successful 2 | . 2 Failed 2 | . 2 Catastrophic 1 | . 1 Database Lockouts . | . . Manual 2 | . 2 Terminals 4 | . 4 Fabricators . | . . Repair Stations . | . . Recycling Units . | . . Scanalyzers . | . . Garrison Access . | . . Terminal Hacks 2 | . 2 Prototype ID Bank 1 | . 1 Alert Level 1 | . 1 Fabricator Hacks . | . . Repair Station Hacks . | . . Recycling Unit Hacks . | . . Scanalyzer . | . . Garrison Access Hacks . | . . Unauthorized Hacks . | . . Terminals . | . . Fabricators . | . . Repair Stations . | . . Recycling Units . | . . Scanalyzers . | . . Garrison Access . | . . Data Cores Recovered . | . . Used . | . . Hacking Detections 2 | . 2 Full Trace Events . | . . Feedback Events . | . . Feedback Blocked . | . . Robot Schematics Acquired . | . . Robots Built . | . . Authchips . | . . Time . | . . Total Robot Build Rating . | . . Part Schematics Acquired . | . . Parts Built . | . . Authchips . | . . Time . | . . Total Part Build Rating . | . . Parts Repaired . | . . Time . | . . Parts Recycled . | . . Recycled Matter . | . . Retrieved Matter . | . . Retrieved Components . | . . Parts Scanalyzed . | . . Part Schematics Acquired . | . . Parts Damaged . | . . Bothacking | -11 -10 ------------ Run | Scr Mat Used RIF Installer . | . . Robots Hacked . | . . Non-combat . | . . Combat . | . . Robot Hacks Applied . | . . Relay Couplers Released . | . . Fabnet Peak Effective % . | . . Robots Rewired . | . . Allies Hacked . | . . Hacks Repelled . | . . Allies | -11 -10 -------- Run | Scr Mat Total Allies . | . . Largest Group . | . . Highest-Rated Group . | . . Highest-Rated Ally . | . . Total Orders . | . . Ally Attacks . | . . Total Damage . | . . Kills . | . . Allies Corrupted . | . . Allies Melted . | . . Intel | -11 -10 ------- Run | Scr Mat Robot Analysis Total . | . . Derelict Logs Recovered . | . . Drone Launches . | . . Drone Recoveries . | . . Exploration | -11 -10 ------------- Run | Scr Mat Turns Passed 362 | 93 269 Spaces Moved 269 | 71 198 Core 14 | 14 . Treads . | . . Legs . | . . Wheels 255 | 57 198 Hover . | . . Flight . | . . Fastest Speed 50 | 50 80 Average Speed 88 | 74 93 Slowest Speed 95 | 80 95 Overloaded Moves . | . . Propulsion Burnouts . | . . Robots Hopped . | . . Cave-ins Triggered . | . . Exploration Rate (%) 18 | 5 32 Regions Visited 1 Branch Regions . Pre-discovered Areas . | . . Known Exits Taken . | . . Unknown Exits Taken 1 | 1 . Scrap Searched . | . . Spaces Dug . | . . Terrain Destroyed . | . . Melee . | . . Projectile . | . . AOE . | . . Terrain Rammed . | . . Walls Destroyed . | . . Machines Disabled . | . . Actions | -11 -10 --------- Run | Scr Mat Total 334 | 101 233 Wait 1 | . 1 Move 268 | 70 198 Hop . | . . Pick Up 14 | 10 4 Fast Attach 1 | . 1 Attach 8 | 6 2 Detach . | . . Swap 2 | . 2 Drop 2 | 1 1 Fire 38 | 14 24 Melee . | . . Ram . | . . Kick . | . . Crush . | . . Escape Stasis . | . . Rewire . | . . Trap . | . . Miscellaneous . | . . Route ------- -11/Scrapyard -10/Materials (discovered 1 exit: [*Min]) History --------- Turn | Location | Event 30 | -11/Scrapyard | Discovered new exit (range 15) 94 | -11/Scrapyard | Entered Materials 298 | -10/Materials | Discovered new exit (range 13) 305 | -10/Materials | Build established: Mutant 341 | -10/Materials | Core integrity fell below 50% 356 | -10/Materials | Core integrity fell below 20% 363 | -10/Materials | Destroyed by G-47 Trooper with Particle Gun Last Messages --------------- >>Prototypes Downloading prototype IDs... Hvy. Ion Engine Cld. Ion Engine 00336_ Wheel destroyed. 00339_ Ion Engine destroyed. 00343_ G-34 Mercenary destroyed. 00346_ K-01 Serf collects debris. 00347_ K-01 Serf cleans the Terminal. 00349_ G-34 Mercenary destroyed. 00349_ Switching to secondary target: G-47 Trooper. 00351_ Wheel destroyed. 00353_ Overheating: Lrg. Storage Unit damaged (-198). 00354_ K-01 Serf collects debris. 00357_ Critical hit (Burn: +37). 00361_ Med. Laser destroyed. 00362_ K-01 Serf collects debris. 00363_ Aluminum Leg broken. 00363_ Overheating: Short circuit. 00363_ Critical hit (Burn: +37). Map ----- +----------------------------------------------------+ | | | | | | | | | ???????????????????????????????????????????????? | | ???????????????????????????????????????????????? | | ???????????????????????????????????????????????? | | ???????????????????????????????????????????????? | | ???????????????????????????????????????????????? | | ???????????????????????????????????????????????? | | ???????????????????????????????????????????????? | | ???????????????????????????????????????????????? | | ???????????????????????????????????????????????? | | ??????????????????????????????"""??????????????? | | ?????????????????????????????"!!!"?????????????? | | ????????????????????????????"" "?????????????? | | ???????????????????????????? #???????????? | | ???????????????????????????? < #???????????? | | ?????????????????????#######? #???????????? | | ??????????????######## ! #? ????????????? | | ????? ####### ! ## #? ?????????????? | | ????? ## #?# #?????????????? | | ????? T + #?# #?????????????? | | ????? ##gk #?# #?????????????? | | ??????#########[ ## #?# #?????????????? | | ??????????????## ### @=### ##????????????? | | ???????????????# #######g## ##+###???????? | | ???????????????# w T #???????? | | ???????????????+ "" #???????? | | ???????????????# #???????? | | ???????????????# == ## ## #???????? | | ???????????????# == !! ####+#### #???????? | | ???????????????# == ! ## # #???????? | | ???????????????# ## """ + #???????? | | ???????????????# ## """ # #???????? | | ???????????????# "T" ## """ # #???????? | | ?????????????? ## # #???????? | | ????????????? ## """ # #???????? | | ????????????? ##### ## """ # +???????? | | ?????????????######????# ## """ # #???????? | | ???????????????????????# ## ### #???????? | | ???????????????????????# ## """ #?# #???????? | | ???????????????????????# ## """ #?# #???????? | | ???????????????????????+ ## """ #?# #???????? | | ???????????????????????# ## #?# #???????? | | ???????????????????????### #####+###?# #???????? | | ?????????????????????????# #???# #???# #???????? | | ?????????????????????????# ##### ##### #???????? | | ?????????????????????????# ! %= #???????? | | ?????????????????????????# ###########+#####???? | +----------------------------------------------------+ Best States ------------- Heat Dissipation 25 Energy Generation 10 Energy Capacity 250 Matter Stores 300 Matter Capacity 300 Sight Range 16 Terrain Scan Density 10 Core Shielding 20 Evasion (%) 50 Item Schematics ----------------- None Robot Schematics ------------------ None Fabricated ------------ Nothing Alien Tech Used ----------------- None Achievements -------------- None Challenges ------------ None Game ------ Seed StealthWaveTearclaws Manual? 0 Play Time 00:09:13 Cumulative 5.2 hours Start 2022.06.30 @ 21:02:42 End 2022.06.30 @ 21:10:40 Sessions 1 Manual Loads 0 Difficulty Rogue Special Mode None Game No. 6 Rogue 5 Adventurer 0 Explorer 1 Win Type - Total 0 Types 0/0/0/0/0/0/0/0/0 Lore% 0 Gallery% 7 Achievement% 7 Wizard Run 0 Options --------- ASCII 0 Keyboard 0 Movement Mouse Keybinds 0 Fullscreen 1 Font 18/X11 Map View 76x50 Tactical HUD 1 Map Filters NONE Filters NONE Steam 1 RUN: 9aab46d3-1cd7-4cb2-817a-fb75c114df0a